 Dungeon Crawl Stone Soup version 0.28.0 (webtiles) character file.

Game seed: 6999019227313747675

2712 Ayyar the Cleaver (level 9, 0/81 HPs)
             Began as a Minotaur Fighter on Feb 18, 2022.
             Was a Follower of Makhleb.
             Slain by a water moccasin (7 damage)
             ... on level 7 of the Dungeon.
             The game lasted 00:19:27 (6330 turns).

Ayyar the Cleaver (Minotaur Fighter)                Turns: 6330, Time: 00:19:28

Health: 0/81       AC:  9    Str: 25    XL:     9   Next: 39%
Magic:  8/8        EV:  9    Int: 11    God:    Makhleb [*.....]
Gold:   306        SH:  5    Dex: 10    Spells: 8/8 levels left

rFire   . . .      SeeInvis +   o - +4 morningstar (freeze)
rCold   . . .      Faith    .   c - +0 buckler
rNeg    . . .      Spirit   .   b - +0 scale mail
rPois   .          Reflect  .   (helmet restricted)
rElec   .          Harm     .   (no cloak)
rCorr   .          Rampage  .   (no gloves)
Will    .....                   f - +0 pair of boots
Stlth   ..........              (no amulet)
HPRegen 0.23/turn               h - +6 ring of intelligence
MPRegen 0.11/turn               i - ring of see invisible

@: no status effects
A: horns 2, retaliatory headbutt
a: Renounce Religion


You were on level 7 of the Dungeon.
You worshipped Makhleb.
Makhleb was aware of your devotion.
You visited 2 branches of the dungeon, and saw 8 of its levels.
You also visited: Ossuary.

You collected 306 gold pieces.

Inventory:

Hand Weapons
 a - a +0 war axe
 o - a +4 morningstar of freezing (weapon)
 s - a +1 whip of draining
Missiles
 g - 6 poisoned darts (quivered)
 j - 5 atropa-tipped darts
Armour
 b - a +0 scale mail (worn)
 c - a +0 buckler (worn)
 f - a +0 pair of boots (worn)
Jewellery
 h - a +6 ring of intelligence (left hand)
 i - a ring of see invisible (right hand)
 B - an amulet of faith
Wands
 n - a wand of polymorph (7)
Scrolls
 e - a scroll of fear
 l - a scroll of holy word
 q - a scroll of identify
 u - a scroll of magic mapping {unknown}
 v - a scroll of immolation
 w - a scroll of enchant weapon {unknown}
 y - a scroll of noise {unknown}
 z - a scroll of enchant armour {unknown}
 D - a scroll of blinking {unknown}
 E - a scroll of teleportation
 F - a scroll of vulnerability {unknown}
Potions
 d - 2 potions of might
 k - 2 potions of mutation
 m - a potion of degeneration {unknown}
 p - 4 potions of flight
 r - a potion of cancellation {unknown}
 t - 3 potions of magic
 x - 5 potions of curing
 A - a potion of resistance {unknown}
 C - a potion of invisibility {unknown}


   Skills:
 + Level 7.9 Fighting
 * Level 10.0 Axes
 + Level 7.9 Armour
 + Level 7.8 Shields


You had 8 spell levels left.
You didn't know any spells.
Your spell library contained the following spells:

 Spells                   Type           Power      Damage    Failure   Level
 Sandblast                Erth           0%         2d4       67%         1
 Passwall                 Tmut/Erth      0%         N/A       80%         2
 Stone Arrow              Conj/Erth      0%         3d7       95%         3
 Animate Dead             Necr           0%         N/A       100%        4
 Haunt                    Necr/Summ      0%         N/A       100%        7
 Infestation              Necr           0%         N/A       100%        8


Dungeon Overview and Level Annotations

Branches:
Dungeon (7/15)             Temple (1/1) D:4         Ossuary (visited)

Altars:
Ashenzari
Cheibriados
Elyvilon
Fedhas
Gozag
Kikubaaqudgha
Makhleb
Nemelex Xobeh
Okawaru
Ru
Uskayaw
Vehumet
Wu Jian
Xom
Zin

Shops:
D:2 *   D:5 [[

Annotations:
D:7 Pikel


Innate Abilities, Weirdness & Mutations

You have a pair of horns on your head.
You reflexively headbutt those who attack you in melee.


Message History

The killer bee stings you.
* * * LOW HITPOINT WARNING * * *
The killer bee barely misses you. The water moccasin barely misses you.
You furiously retaliate!
You headbutt the water moccasin, but do no damage.
You block the killer bee's attack. x2
The killer bee stings you but does no damage.
The water moccasin closely misses you. You furiously retaliate!
You headbutt the water moccasin!
You feel better. The killer bee stings you. The killer bee barely misses you.
The killer bee stings you but does no damage.
The water moccasin bites you but does no damage.
The killer bee stings you. x3
* * * LOW HITPOINT WARNING * * *
You are poisoned.
The killer bee poisons you!
You feel very sick. The killer bee stings you.
* * * LOW HITPOINT WARNING * * *
The killer bee stings you but does no damage.
You block the killer bee's attack. The killer bee stings you.
* * * LOW HITPOINT WARNING * * *
The killer bee stings you but does no damage.
You see here a killer bee corpse.
You feel sick.
The water moccasin bites you but does no damage.
You block the killer bee's attack.
You feel sick.
You feel sick.
The water moccasin bites you but does no damage.
You feel sick. The killer bee closely misses you.
You feel sick. The killer bee closely misses you.
The killer bee barely misses you.
You feel sick. The killer bee barely misses you. The killer bee stings you.
* * * LOW HITPOINT WARNING * * *
You feel sick.
You are no longer poisoned.
The water moccasin bites you but does no damage.
The water moccasin bites you!
You die...

.................†.......
.###.....................
#.....................
##..###...............
### ##..............
#####............
#.###yy...##.....
#..†##S..## #...#
#..<.@y..# ####
#........# #..........#
#...........#
#.............
#.............
##............
###.........


You could see a water moccasin and 2 killer bees.

Vanquished Creatures
  Sigmund (D:6)
  Eustachio (D:6)
  2 wraiths (Ossuary)
  A steam dragon (D:6)
  Edmund (D:6)
  3 water moccasins
  A sky beast (D:5)
  3 black bears
  An ogre (D:5)
  A phantom (D:5)
  A bullfrog (D:6)
  2 scorpions (D:4)
  A water moccasin zombie (D:5)
  3 killer bees
  2 wights (Ossuary)
  2 howler monkeys
  2 hounds
  A gnoll shaman (D:5)
  3 orc priests
  A jelly (D:2)
  A bullfrog skeleton (D:5)
  An iguana (D:6)
  Terence (D:3)
  4 adders
  8 gnolls
  An adder zombie (Ossuary)
  5 worms
  4 dart slugs
  9 orcs
  9 bats
  10 endoplasms
  4 giant cockroaches
  8 goblins
  9 hobgoblins
  2 quokkas
  5 ball pythons
  2 ball python skeletons (Ossuary)
  4 frilled lizards
  3 kobolds (D:1)
  2 orc skeletons (Ossuary)
  4 orc zombies (Ossuary)
  5 rats (D:1)
134 creatures vanquished.

Vanquished Creatures (others)
  2 plants (D:7)
2 creatures vanquished.

Grand Total: 136 creatures vanquished

Notes
Turn   | Place    | Note
-------+----------+-------------------------------------------
     0 | D:1      | Ayyar the Minotaur Fighter began the quest for the Orb.
     0 | D:1      | Reached XP level 1. HP: 19/19 MP: 0/0
   144 | D:1      | Reached XP level 2. HP: 27/27 MP: 1/1
   440 | D:1      | Reached skill level 3 in Axes
   581 | D:1      | Found a faded altar of an unknown god.
   945 | D:2      | Reached XP level 3. HP: 33/33 MP: 2/2
  1050 | D:2      | Reached XP level 4. HP: 34/40 MP: 3/3
  1153 | D:2      | Found a blossoming altar of Fedhas.
  1335 | D:2      | Found Fydil's Assorted Antiques.
  1463 | D:3      | Noticed a black bear
  1472 | D:3      | Noticed Terence
  1490 | D:2      | Killed a black bear
  1491 | D:2      | Reached skill level 4 in Axes
  1491 | D:2      | Reached XP level 5. HP: 33/47 MP: 4/4
  1612 | D:3      | Killed Terence
  2035 | D:3      | Noticed a black bear
  2042 | D:3      | Killed a black bear
  2043 | D:3      | Reached skill level 5 in Fighting
  2043 | D:3      | Reached skill level 5 in Axes
  2043 | D:3      | Reached skill level 5 in Armour
  2043 | D:3      | Reached skill level 5 in Shields
  2043 | D:3      | Reached XP level 6. HP: 29/56 MP: 5/5
  2978 | D:4      | Reached XP level 7. HP: 61/61 MP: 6/6
  3420 | D:4      | Found a staircase to the Ecumenical Temple.
  3429 | Temple   | Entered the Ecumenical Temple
  3525 | Temple   | Became a worshipper of Makhleb the Destroyer
  3586 | D:5      | Entered Level 5 of the Dungeon
  3594 | D:5      | Reached skill level 6 in Axes
  3641 | D:5      | Reached skill level 7 in Axes
  3708 | D:5      | Found a sand-covered staircase.
  3777 | Ossuary  | Entered an ossuary
  3915 | Ossuary  | Reached * piety under Makhleb
  3947 | Ossuary  | Noticed a wraith
  3947 | Ossuary  | Noticed a flying skull
  3956 | Ossuary  | Noticed a flying skull
  3982 | Ossuary  | Noticed a flying skull
  3990 | Ossuary  | Noticed a flying skull
  3991 | Ossuary  | Noticed a wraith
  3995 | Ossuary  | Killed a wraith
  3996 | Ossuary  | Reached XP level 8. HP: 59/71 MP: 7/7
  4518 | D:5      | Reached skill level 8 in Axes
  4587 | D:5      | Found Zemnuel's Antique Armour Shop.
  4686 | D:5      | Found Ezxol's Armour Emporium.
  4797 | D:5      | Found a broken altar of Ashenzari.
  5170 | D:6      | Noticed Eustachio
  5181 | D:6      | Killed Eustachio
  5189 | D:6      | Reached skill level 9 in Axes
  5191 | D:6      | Noticed Edmund
  5202 | D:6      | Killed Edmund
  5203 | D:6      | Reached XP level 9. HP: 44/79 MP: 8/8
  5538 | D:6      | Noticed Sigmund
  5552 | D:6      | Killed Sigmund
  6213 | D:7      | Noticed Pikel
  6320 | D:7      | Reached skill level 10 in Axes
  6330 | D:7      | Slain by a water moccasin

Illustrated notes

Levels and vault maps discovered:
D:1:      nicolae_arrival_washed_ashore, layout_basic,
          ebering_ecumenical_altar_ruins, minmay_misc_feat_columns,
          corexii_item_surrounded_by_moat
D:2:      layout_rooms, serial_shops, shop, basic_altar, solitary_fountain
D:3:      layout_rooms, uniq_terence
D:4:      layout_basic, temple_hall
D:5:      layout_rooms, kennysheep_mini, serial_shops, nicolae_shop_trees,
          nicolae_take_the_stairs, nicolae_ossuary_entry_plus
D:6:      layout_basic, uniq_edmund, uniq_eustachio, uniq_sigmund
D:7:      layout_cave_pods, enter_bailey_5, serial_bayou, serial_bayou_shore_b,
          serial_bayou_ford_a, serial_bayou_pond_d, serial_bayou_crossing,
          uniq_pikel
Temple:   jpeg_temple_clearing

Skill      XL: |  1  2  3  4  5  6  7  8  9 |
---------------+----------------------------+-----
Fighting       | 4 5 6 7 |  7.9
Armour         | 4 5 6 7 |  7.9
Shields        | 4 5 6 7 |  7.8
Axes           | 3 4 5 7 9 10 | 10.0

Action                   |  1- 3 |  4- 6 |  7- 9 || total
-------------------------+-------+-------+-------++-------
Melee: War axe           |    49 |    49 |       ||    98
       Headbutt          |     5 |     6 |    21 ||    32
       Morningstar       |       |    48 |   165 ||   213
Throw: Dart              |       |     5 |       ||     5
  Use: Potion            |       |       |     2 ||     2
       Scroll            |       |       |     8 ||     8
Armor: Scale mail        |    20 |    57 |    74 ||   151
Dodge: Dodged            |    18 |    53 |    93 ||   164
Block: Buckler           |    10 |    28 |    53 ||    91
